 Dungeon Crawl Stone Soup version 0.28-a0-439-g4cf4cd4993 (webtiles) character file.

Game seed: 12664709238089660190

74 Morbidden the Gusty (level 3, -6/27 HPs)
             Began as a Demigod Air Elementalist on Sept 11, 2021.
             Splashed by a jelly's acid (7 damage)
             ... on level 5 of the Dungeon.
             The game lasted 00:04:20 (3360 turns).

Morbidden the Gusty (Demigod Air Elementalist)      Turns: 3360, Time: 00:04:21

Health: -6/27      AC: -9    Str:  9    XL:     3   Next: 85%
Magic:  7/9        EV: 12    Int: 21    God:
Gold:   124        SH:  0    Dex: 14    Spells: 1/6 levels left

rFire   . . .      SeeInvis .   c - +2 dagger (speed)
rCold   . . .      Faith    .   (no shield)
rNeg    . . .      Spirit   .   a - +0 robe
rPois   .          Reflect  .   (no helmet)
rElec   .          Harm     .   (no cloak)
rCorr   .          Rampage  .   (no gloves)
Will    .....                   i - +0 pair of boots
Stlth   ++........              (no amulet)
HPRegen 0.09/turn               (no ring)
MPRegen 0.11/turn               (no ring)

@: corroded
A: high mp 1, forlorn
a: no special abilities


You were on level 5 of the Dungeon.
You visited 1 branch of the dungeon, and saw 4 of its levels.

You collected 124 gold pieces.

Inventory:

Hand Weapons
 c - a +2 dagger of speed (weapon)
Armour
 a - a +0 robe (worn)
 i - a +0 pair of boots (worn)
Scrolls
 b - 4 scrolls of identify
 d - a scroll of vulnerability {unknown}
 e - 2 scrolls of teleportation {unknown}
 f - a scroll of noise {unknown}
 g - a scroll of amnesia {unknown}


   Skills:
 * Level 0.5 Fighting
 + Level 1.8 Dodging
 + Level 2.1 Stealth
 * Level 2.4 Spellcasting
 + Level 1.3 Conjurations
 * Level 3.6 Air Magic


You had one spell level left.
You knew the following spells:

 Your Spells              Type           Power      Damage    Failure   Level
a - Shock                 Conj/Air       48%        1d6       5%          1
b - Poisonous Vapours     Pois/Air       20%        N/A       11%         2
z - Static Discharge      Conj/Air       12%        N/A       8%          2

Your spell library contained the following spells:

 Spells                   Type           Power      Damage    Failure   Level
 Swiftness                Air            17%        N/A       10%         3
 Corpse Rot               Necr/Air       N/A        N/A       11%         2
 Airstrike                Air            8%         N/A       32%         4


Dungeon Overview and Level Annotations

Branches:
Dungeon (3/15)

Annotations:
D:3 exclusion: sky beast


Innate Abilities, Weirdness & Mutations

Your attributes grow dramatically as you level up.
You have an increased reservoir of magic. (+10% MP)
You shall have no god before yourself.


Message History

Unknown command.
Unknown command.
Unknown command.
The jelly barely misses you.
Okay, then.
Okay, then.
Okay, then.
It was a potion of curing.
You feel better.
Unknown command.
Casting: Poisonous Vapours (safe; 11% risk of failure)
Confirm with . or Enter, or press ? or * to list all spells.
Aiming: Shock (safe; 5% risk of failure)
Press: ? - help, Shift-Dir - straight line, f - jelly
Aim: a jelly (heavily wounded, 100% to hit)
You miscast Shock.
You are very lightly contaminated with residual magic.
Nothing appears to happen.
The jelly barely misses you.
Unknown command.
Unknown command.
Casting: Shock (safe; 5% risk of failure)
Confirm with . or Enter, or press ? or * to list all spells.
Aiming: Shock (safe; 5% risk of failure)
Press: ? - help, Shift-Dir - straight line, f/p - jelly
Aim: a jelly (heavily wounded, 100% to hit)
The zap hits the jelly.
The jelly is heavily wounded.
The jelly closely misses you.
Unknown command.
Unknown command.
Unknown command.
The jelly hits you.
You are splashed with acid!
* * * LOW HITPOINT WARNING * * *
Unknown command.
Unknown command.
Unknown command.
Your magical contamination has completely faded away.
The jelly hits you.
* * * LOW HITPOINT WARNING * * *
You are splashed with acid!
You die...

##.......##
#.........#
#.........#
#.........#
###.........#
.<.........#
...........#
##.........#
#@........#
#.J.......#
#.........#
##.......##
##.....##
#######


You could see a jelly.

Vanquished Creatures
  An adder (D:2)
  A worm (D:2)
  3 dart slugs
  An orc (D:3)
  5 endoplasms
  4 giant cockroaches
  6 goblins
  5 hobgoblins
  8 kobolds
  2 quokkas (D:1)
  3 ball pythons
  10 bats
  A frilled lizard (D:1)
  A rat (D:1)
51 creatures vanquished.

Notes
Turn   | Place    | Note
-------+----------+-------------------------------------------
     0 | D:1      | Morbidden the Demigod Air Elementalist began the quest for
                  | the Orb.
     0 | D:1      | Reached XP level 1. HP: 14/14 MP: 5/5
   282 | D:1      | Reached skill level 3 in Air Magic
   383 | D:1      | Reached skill level 1 in Conjurations
   383 | D:1      | Reached XP level 2. HP: 20/20 MP: 4/7
   768 | D:1      | Learned a level 2 spell: Static Discharge
  1485 | D:2      | Reached XP level 3. HP: 15/27 MP: 1/8
  2883 | D:3      | Noticed a sky beast
  2888 | D:3      | Learned a level 2 spell: Poisonous Vapours
  3338 | D:3      | You fall into a shaft and drop 2 floors!
  3338 | D:5      | Entered Level 5 of the Dungeon
  3360 | D:5      | HP: 1/27 [jelly (2)]
  3360 | D:5      | Splashed by a jelly's acid

Illustrated notes

Levels and vault maps discovered:
D:1:      onia_arrival_pentagram, layout_loops_ring, minmay_misc_feat_tiny,
          minmay_small_reverse_x
D:2:      layout_loops_corners, basic_altar, grunt_ministairs_9
D:3:      layout_loops_ring, corexii_item_surrounded_by_moat
D:5:      layout_rooms

Skill      XL: |  1  2 |
---------------+-------+-----
Stealth        | 2 |  2.1
Air Magic      | 3 |  3.6
Conjurations   | 1 |  1.3
Spellcasting   | 2 |  2.4
Fighting       | |  0.5
Dodging        | |  1.8

Action                   || total
-------------------------++-------
Melee: Unarmed           ||     9
       Dagger            ||    32
 Cast: Shock             ||    97
       Static Discharge  ||     5
       Poisonous Vapours ||     7
  Use: Scroll            ||     1
       Potion            ||     1
 Stab: Sleeping          ||     1
Armor: Robe              ||     8
Dodge: Dodged            ||    45

Table legend: (Time is in decaauts)
 A = Elapsed time spent in this place.
 B = Non-inter-level travel time spent in this place.
 C = Inter-level travel time spent in this place.
 D = Time resting spent in this place.
 E = Time spent auto-exploring this place.
 F = Levels seen in this place.
 G = Mean time per level.
                   A        B        C        D        E       F      G
               +--------+--------+--------+--------+--------+-----+--------+
         Total |   3351 |   3236 |    115 |    578 |   2247 |   4 |  837.8 |
       Dungeon |   3351 |   3236 |    115 |    578 |   2247 |   4 |  837.8 |
               +--------+--------+--------+--------+--------+-----+--------+

Top non-repeatable levels by time:
     D:2: 1783 daAuts
     D:1: 1399 daAuts
     D:3: 147 daAuts
     D:5: 20 daAuts
